 Dungeon Crawl Stone Soup version 0.26-b1-32-g5d43845318 (webtiles) character file.

Game seed: 17758980627355631224

2160 MisterFreud the Grappler (level 9, -6/88 HPs)
             Began as a Troll Monk on Jan 12, 2021.
             Mangled by Menkaure (15 damage)
             ... on level 7 of the Dungeon.
             The game lasted 00:07:47 (4735 turns).

MisterFreud the Grappler (Troll Monk)               Turns: 4735, Time: 00:07:48

Health: -6/88      AC:  7    Str: 23    XL:     9   Next: 10%
Magic:  8/8        EV: 11    Int:  7    God:
Gold:   149        SH:  0    Dex: 12    Spells: 8/8 levels left

rFire    + . .     SeeInvis .     - Unarmed
rCold    . . .     Faith    .   (no shield)
rNeg     . . .     Spirit   .   a - +0 robe
rPois    .         Reflect  .   (helmet restricted)
rElec    .         Harm     .   b - +0 cloak
rCorr    .         Rampage  .   (gloves unavailable)
Will     .....                  (boots unavailable)
Stlth    +.........             d - amulet of regeneration
HPRegen  1.04/turn              F - ring of protection from fire
MPRegen  0.11/turn              A - ring of attention (curse)

@: no status effects
A: large, unfitting armour, claws 3, regeneration 1, shaggy fur 1, tough skin 3
a: no special abilities


You were on level 7 of the Dungeon.
You visited 1 branch of the dungeon, and saw 7 of its levels.

You collected 305 gold pieces.
You spent 156 gold pieces at shops.

Inventory:

Missiles
 g - 36 poisoned darts (quivered)
Armour
 a - a +0 robe (worn)
 b - a +0 cloak (worn)
Jewellery
 d - an amulet of regeneration (around neck)
 m - an uncursed ring of protection from cold
 A - a cursed ring of attention (right claw)
 E - a +6 ring of strength
 F - a ring of protection from fire (left claw)
 H - an uncursed ring of magical power
Wands
 q - a wand of flame (41)
 G - a wand of paralysis (9)
Scrolls
 c - 3 scrolls of remove curse {unknown}
 e - 2 scrolls of magic mapping {unknown}
 h - 3 scrolls of teleportation {unknown}
 i - 2 scrolls of random uselessness {unknown}
 j - a scroll of blinking {unknown}
 l - 4 scrolls of amnesia {unknown}
 o - 7 scrolls of identify {unknown}
 p - 2 scrolls of fear {unknown}
 u - a scroll of noise {unknown}
 y - 3 scrolls of immolation {unknown}
 z - a scroll of enchant weapon {unknown}
 B - 2 scrolls of torment {unknown}
 D - a scroll of fog {unknown}
 I - a scroll of holy word {unknown}
Potions
 f - a potion of cancellation {unknown}
 k - a potion of invisibility {unknown}
 n - a potion of might {unknown}
 r - a potion of heal wounds {unknown}
 s - a potion of mutation {unknown}
 t - 4 potions of curing
 v - a potion of haste
 w - 2 potions of lignification {unknown}
 x - a potion of attraction {unknown}
 C - a potion of magic {unknown}


   Skills:
 - Level 5.0 Fighting
 - Level 5.0 Throwing
 + Level 4.1 Dodging
 - Level 1.0 Stealth
 - Level 8.0 Unarmed Combat
 + Level 2.7 Evocations


You had 8 spell levels left.
You didn't know any spells.
Your spell library contained the following spells:

 Spells                   Type           Power        Failure   Level
 Confusing Touch          Hex            0%           80%         3
 Gell's Gravitas          Tloc           0%           80%         3
 Petrify                  Tmut/Erth      0%           99%         4
 Metabolic Englaciation   Hex/Ice        0%           100%        5
 Yara's Violent Unravell  Hex/Tmut       0%           100%        5


Dungeon Overview and Level Annotations

Branches:
Dungeon (7/15)             Temple (0/1) D:7

Altars:
Cheibriados
Dithmenos
Hepliaklqana
Kikubaaqudgha
Nemelex Xobeh
Okawaru
Sif Muna
Vehumet
Wu Jian
Xom
Yredelemnul
Zin
The Shining One

Shops:
D:4 !([(:

Annotations:
D:7 Menkaure


Innate Abilities, Weirdness & Mutations

You are too large for most types of armour.
You have claws for hands.
Your natural rate of healing is unusually fast.
You are covered in fur. (AC +1)
You have extremely tough skin. (AC +3)


Message History

You mangle the adder!!
You kill the adder!
Menkaure calls on the powers of darkness!
Your body is wracked with pain!
You claw Menkaure!
Menkaure is heavily damaged.
Menkaure hits you!!
You claw Menkaure!
Menkaure is almost destroyed.
Menkaure closely misses you.
You barely miss Menkaure.
Menkaure is almost destroyed.
You scratch Menkaure.
Menkaure is almost destroyed.
Menkaure hits you!!
* * * LOW HITPOINT WARNING * * *
You scratch Menkaure but do no damage.
Menkaure is almost destroyed.
Menkaure hits you!
You die...

#.# ##.#### ......#
##.##.# #.#.#.##
.###...### #.#......#
.......#.#############
##..#......)....@M...#
##..#.##.###########.#
##.......# ##.##.####
....†..##..
...........
#.#..#.#... .....# ...
#.#....#..


You could see Menkaure.

Vanquished Creatures
  Sigmund (D:6)
  2 sky beasts
  An orc warrior (D:7)
  An ice beast (D:5)
  An ogre (D:7)
  3 centaurs
  3 bullfrogs
  2 scorpions
  5 wights (D:7)
  A bullfrog zombie (D:4)
  2 quasits
  A jelly (D:6)
  2 bullfrog skeletons
  A centaur skeleton (D:6)
  A gnoll shaman (D:7)
  An iguana (D:4)
  3 orc wizards
  4 worker ants
  A killer bee zombie (D:6)
  2 hound skeletons
  10 gnolls
  A howler monkey skeleton (D:5)
  8 adders
  A shadow imp (D:6)
  2 ufetubi
  An adder zombie (D:6)
  3 adder skeletons
  3 worms
  5 leopard geckos
  17 orcs
  8 bats
  4 giant cockroaches
  2 gnoll zombies (D:6)
  7 goblins
  11 hobgoblins
  6 jackals
  2 quokkas
  A ball python (D:1)
  7 frilled lizards
  A giant cockroach zombie (D:6)
  A goblin zombie (D:7)
  3 hobgoblin zombies (D:7)
  2 kobolds
  An orc skeleton (D:7)
  An orc zombie (D:7)
  2 quokka skeletons
  A quokka zombie (D:4)
  6 rats
155 creatures vanquished.

Notes
Turn   | Place    | Note
-------+----------+-------------------------------------------
     0 | D:1      | MisterFreud the Troll Monk began the quest for the Orb.
     0 | D:1      | Reached XP level 1. HP: 22/22 MP: 0/0
   199 | D:1      | Reached XP level 2. HP: 29/29 MP: 1/1
   612 | D:1      | Reached skill level 4 in Unarmed Combat
   796 | D:2      | Reached XP level 3. HP: 36/36 MP: 2/2
  1086 | D:2      | Found a shimmering altar of Xom.
  1373 | D:2      | Found an ornate altar of the Wu Jian Council.
  1376 | D:2      | Found an ancient bone altar of Kikubaaqudgha.
  1377 | D:2      | Found a glowing golden altar of the Shining One.
  1377 | D:2      | Found a snail-covered altar of Cheibriados.
  1377 | D:2      | Found a shimmering blue altar of Sif Muna.
  1381 | D:2      | Found a shadowy altar of Dithmenos.
  1382 | D:2      | Found a glowing silver altar of Zin.
  1429 | D:3      | Reached XP level 4. HP: 44/44 MP: 3/3
  1594 | D:3      | Reached skill level 5 in Unarmed Combat
  1805 | D:4      | Found Inyedeno's Distillery.
  1805 | D:4      | Noticed a sky beast
  1828 | D:4      | Killed a sky beast
  1829 | D:4      | Reached skill level 6 in Unarmed Combat
  1829 | D:4      | Reached XP level 5. HP: 15/50 MP: 4/4
  1879 | D:4      | Bought a potion of haste for 120 gold pieces
  1879 | D:4      | Bought a potion of curing for 36 gold pieces
  2014 | D:4      | Found Xizxil's Armour Shoppe.
  2074 | D:4      | Reached XP level 6. HP: 52/59 MP: 5/5
  2111 | D:4      | Reached skill level 7 in Unarmed Combat
  2133 | D:4      | Found Azxoreoph's Weapon Boutique.
  2239 | D:4      | Found Vixeles's Book Boutique.
  2362 | D:4      | Found Ficecoc's Antique Weapon Emporium.
  2665 | D:5      | Entered Level 5 of the Dungeon
  2677 | D:5      | Found an iron altar of Okawaru.
  2682 | D:5      | Noticed an ice beast
  2687 | D:5      | Killed an ice beast
  2702 | D:5      | Noticed a sky beast
  2715 | D:5      | Killed a sky beast
  2716 | D:5      | Reached skill level 8 in Unarmed Combat
  2716 | D:5      | Reached XP level 7. HP: 53/66 MP: 6/6
  2748 | D:5      | Found a radiant altar of Vehumet.
  2763 | D:5      | Found a hazy altar of Hepliaklqana.
  2918 | D:5      | Found a sparkling altar of Nemelex Xobeh.
  3205 | D:6      | Noticed Sigmund
  3215 | D:6      | Killed Sigmund
  3517 | D:6      | Reached skill level 5 in Fighting
  3520 | D:6      | Reached skill level 1 in Throwing
  3555 | D:6      | Found a basalt altar of Yredelemnul.
  3596 | D:6      | Reached XP level 8. HP: 78/80 MP: 7/7
  4263 | D:7      | Reached skill level 5 in Throwing
  4288 | D:7      | Found a glowing golden altar of the Shining One.
  4325 | D:7      | Reached skill level 1 in Evocations
  4533 | D:7      | Reached XP level 9. HP: 88/88 MP: 8/8
  4683 | D:7      | Found a staircase to the Ecumenical Temple.
  4725 | D:7      | Noticed Menkaure
  4735 | D:7      | Mangled by Menkaure

Illustrated notes

Levels and vault maps discovered:
D:1:      scummos_arrival_gate, layout_loops_cross,
          chequers_serial_rivers_small_a, minmay_misc_feat_chi,
          amcnicky_mini_rare_corridor_liquid, chequers_serial_rivers_micro_c,
          minmay_misc_feat_alley
D:2:      layout_loops_ring, minitemple, nicolae_overflow_crystal_walls,
          feat_on_display
D:3:      layout_rooms
D:4:      layout_loops_ring, serial_shops, kennysheep_little_box, shop,
          nicolae_shop_stone, kennysheep_mini, shop
D:5:      layout_rooms, general_overflow_altar, lemuel_crystal_altar,
          lemuel_round_altar, lemuel_doored_altar, kennysheep_another_room
D:6:      layout_gridville, lemuel_zombie_altar_yredelemnul, nicolae_sextant,
          kennysheep_generic_room_6, uniq_sigmund
D:7:      minmay_blocky_corners, layout_loops_cross,
          minmay_temple_entry_enclosed_plants, basic_altar,
          nicolae_tso_besieged_by_evil, uniq_menkaure

Skill      XL: |  1  2  3  4  5  6  7  8  9 |
---------------+----------------------------+-----
Unarmed Combat | 4 6 8 |  8.0
Fighting       | 5 |  5.0
Throwing       | 1 5 |  5.0
Evocations     | 2 |  2.7
Dodging        | 3 4 |  4.1
Stealth        | |  1.0

Action                   |  1- 3 |  4- 6 |  7- 9 || total
-------------------------+-------+-------+-------++-------
Melee: Unarmed           |   130 |   114 |   205 ||   449
       Punch             |     2 |     1 |     5 ||     8
 Stab: Sleeping          |     1 |       |       ||     1
Armor: Robe              |    58 |    35 |    60 ||   153
Dodge: Dodged            |    59 |    37 |   107 ||   203
